 Dungeon Crawl Stone Soup version 0.22-a0-247-gbddf880757 (webtiles) character file.

35886 Peterchen the Executioner (level 13, -25/96 HPs)
             Began as a Minotaur Berserker on Feb 26, 2018.
             Was a High Priest of Trog.
             Killed from afar by an orc sorcerer (40 damage)
             ... with a bolt of negative energy
             ... while paralysed by an orc sorcerer
             ... on level 14 of the Dungeon.
             The game lasted 00:33:43 (13756 turns).

Peterchen the Executioner (Minotaur Berserker)     Turns: 13756, Time: 00:33:43

Health: -25/96     AC: 26    Str: 26    XL:     13   Next: 50%
Magic:  7/7        EV:  2    Int: 14    God:    Trog [*****.]
Gold:   560        SH:  0    Dex: 11    Spells: 12/12 levels left

rFire    . . .     SeeInvis .   B - +1 executioner's axe (antimagic)
rCold    + . .     Gourm    .   (shield currently unavailable)
rNeg     . . .     Faith    .   u - +12 chain mail "Gachiavy" {Int+7}
rPois    .         Spirit   .   O - +1 hat {Int+3}
rElec    .         Reflect  .   H - +0 cloak
rCorr    .         Harm     +   g - +0 pair of gloves
MR       .....                  L - +2 pair of boots {Fly}
Stlth    ..........             p - amulet of harm
HPRegen  0.26/turn              P - ring of magical power
MPRegen  0.10/turn              w - ring of protection from cold

@: paralysed, flying, starving, heavily drained
A: retaliatory headbutt, horns 2
a: Berserk, Trog's Hand, Brothers in Arms, Renounce Religion, Stop Flying


You were on level 14 of the Dungeon.
You worshipped Trog.
Trog was extremely pleased with you.
You were starving.

You visited 1 branch of the dungeon, and saw 14 of its levels.
You also visited: Sewer, Ossuary and Ice Cave.

You collected 1044 gold pieces.
You spent 484 gold pieces at shops.

Inventory:

Hand Weapons
 B - a +1 antimagic executioner's axe (weapon)
Armour
 g - a +0 pair of gloves (worn)
 u - the +12 chain mail "Gachiavy" (worn) {Int+7}
   (You found it on level 4 of the Dungeon)

   It affects your intelligence (+7).
 H - a +0 cloak (worn)
 L - a +2 pair of boots of flying (worn)
 O - a +1 hat of intelligence (worn)
Jewellery
 h - an uncursed amulet of guardian spirit
 p - an amulet of harm (around neck)
 r - an uncursed ring of stealth
 w - a ring of protection from cold (right hand)
 y - an uncursed amulet of the gourmand
 P - a ring of magical power (left hand)
Wands
 C - a wand of iceblast (25)
 I - a wand of flame (30)
 M - a wand of digging (14)
Scrolls
 a - a scroll of immolation {unknown}
 d - 2 scrolls of blinking {unknown}
 f - 4 scrolls of magic mapping
 i - 4 scrolls of remove curse
 k - 4 scrolls of enchant weapon
 o - 6 scrolls of identify
 q - 10 scrolls of teleportation
 v - 3 scrolls of enchant armour
 D - a scroll of amnesia {unknown}
 E - a scroll of fog {unknown}
Potions
 b - 3 potions of might {unknown}
 e - 3 potions of agility
 j - 5 potions of curing {unknown}
 l - a potion of resistance
 m - a potion of haste {unknown}
 n - 2 potions of mutation {unknown}
 s - a potion of berserk rage {unknown}
 t - 5 potions of brilliance {unknown}
 x - 6 potions of heal wounds
 z - a potion of lignification {unknown}
 A - 4 potions of magic {unknown}
 F - 2 potions of degeneration {unknown}
 G - 2 potions of cancellation {unknown}
 J - a potion of ambrosia {unknown}
 K - 2 potions of flight {unknown}
 N - a potion of invisibility {unknown}
Comestibles
 c - 26 rations


   Skills:
 - Level 3.6(1.9) Fighting
 * Level 24.3(21.5) Axes
 - Level 2.5(0.8) Armour
 - Level 2.2(0.6) Dodging


You had 12 spell levels left.
You didn't know any spells.

Dungeon Overview and Level Annotations

Branches:
Dungeon (14/15)            Temple (0/1) D:6            Lair (0/6) D:8
    Orc (0/2) D:9
 Vaults: D:13-14

Altars:
Dithmenos
Gozag
Nemelex Xobeh
Wu Jian
Xom
Yredelemnul
Zin

Shops:
D:6 (!   D:10 [   D:14 =


Innate Abilities, Weirdness & Mutations

You reflexively headbutt those who attack you in melee.
You have a pair of horns on your head.


Message History

The orc sorcerer is moderately wounded.
The orc sorcerer points at you and mumbles some strange words.
You suddenly lose the ability to move!
The orc sorcerer points at you and mumbles some strange words.
You resist with some effort. The orc sorcerer casts a spell at you.
Helpless, you fail to dodge the bolt of negative energy.
You feel drained.
The orc sorcerer hits you but does no damage.
The orc sorcerer casts a spell.
The ice devil hits you but does no damage.
The orc sorcerer hits you but does no damage.
The ice devil hits you. The ice devil freezes you. You resist.
The orc sorcerer casts a spell at you. The bolt of negative energy hits you!
You feel drained.
* * * LOW HITPOINT WARNING * * *
The ice devil hits you but does no damage.
The orc sorcerer casts a spell at you. The bolt of negative energy hits you!
You feel drained.
You die...

####+############
......(..........
.........((......
##.....######'#
#########≈≈...#.......
#)..#...#≈≈≈..#.......
#..co@..)≈≈≈≈.+.......
#..)#.4.)≈≈≈≈.#.......
#...#####≈≈≈≈.#.......
#... #≈≈≈≈.#.......
#.o. #≈≈≈..#.......
#... +.....#.......
+... +....(.......(
#.o. +.............
#≈≈≈..#....(..


You could see a yaktaur, an ice devil and an orc sorcerer.

Vanquished Creatures
  Snorg (D:13)
  2 vault guards (D:14)
  A hydra (D:14)
  The ghost of Peterchen the Severer, a journeyman MiBe of Trog (D:14)
  3 two-headed ogres
  2 centaur warriors
  Urug (D:14)
  A deep elf knight (D:14)
  Nergalle (D:11)
  3 unseen horrors
  A wizard (D:14)
  An orc knight (D:14)
  Pikel (D:5)
  A necromancer (IceCv)
  3 ugly things
  A manticore (D:12)
  2 cyclopes
  An ice statue (IceCv)
  A gargoyle (D:11)
  10 freezing wraiths (IceCv)
  2 trolls
  The ghost of motoroller71 the Slasher, an amateur HuFi (D:3)
  A hornet (D:8)
  4 slime creatures (D:12)
  6 hippogriffs
  3 shadows (D:13)
  5 centaur simulacra
  A wraith (D:13)
  2 vampires
  A wyvern (D:13)
  A human (D:14)
  2 death yak simulacra (IceCv)
  3 vampire mosquitoes (D:12)
  3 hungry ghosts
  A soldier ant (D:11)
  An eye of draining (D:13)
  11 orc warriors
  4 slaves (D:5)
  2 black bears
  4 sky beasts
  5 phantoms
  18 ice beasts
  A necrophage (D:5)
  3 ogres
  19 centaurs
  4 elf zombies (Ossuary)
  A crocodile (D:7)
  12 bullfrogs
  5 big kobolds
  A gnoll sergeant (D:7)
  A water moccasin zombie (D:7)
  A wyvern skeleton (D:11)
  5 scorpions
  An elephant simulacrum (IceCv)
  9 killer bees
  8 wights
  A howler monkey (D:5)
  An electric eel (D:11)
  8 crimson imps
  8 centaur zombies
  2 bullfrog zombies
  5 draconian simulacra (IceCv)
  3 human zombies (Ossuary)
  6 hounds
  5 orc priests
  2 bullfrog skeletons (D:9)
  5 jellies
  8 orc wizards
  Crazy Yiuf (D:7)
  5 centaur skeletons
  4 iguanas
  16 worker ants
  6 troll simulacra (IceCv)
  A killer bee zombie (D:6)
  A wolf simulacrum (IceCv)
  2 hound zombies
  A hound skeleton (D:11)
  3 mummies (Ossuary)
  5 gnolls (D:7)
  11 adders
  4 ogre simulacra (IceCv)
  A river rat (Sewer)
  2 naga simulacra (IceCv)
  2 shadow imps
  12 white imps (IceCv)
  5 oozes
  3 adder skeletons
  6 worms
  2 dart slugs (D:2)
  8 leopard geckos
  46 orcs
  8 ball pythons
  4 giant cockroaches (D:2)
  8 goblins
  4 hobgoblins
  13 kobolds
  2 quokkas
  4 bats
  4 frilled lizards
  A leopard gecko skeleton (D:9)
  A quokka skeleton (D:5)
  11 rats
  A spectral orc (D:5)
  A butterfly (D:6)
453 creatures vanquished.

Vanquished Creatures (collateral kills)
  A two-headed ogre (D:11)
  A centaur skeleton (D:11)
  A hungry ghost (D:11)
  2 killer bees (D:11)
  A jelly (D:11)
6 creatures vanquished.

Grand Total: 459 creatures vanquished

Notes
Turn   | Place    | Note
-------+----------+-------------------------------------------
     0 | D:1      | Peterchen the Minotaur Berserker began the quest for the Orb.
     0 | D:1      | Reached XP level 1. HP: 19/19 MP: 0/0
   150 | D:1      | Reached skill level 4 in Axes
   343 | D:1      | Reached XP level 2. HP: 27/27 MP: 1/1
   986 | D:2      | Reached skill level 5 in Axes
   986 | D:2      | Reached XP level 3. HP: 33/33 MP: 0/2
  1026 | D:2      | Found an opulent altar of Gozag.
  1034 | D:2      | Reached ** piety under Trog
  1516 | D:3      | Noticed an ogre
  1523 | D:3      | Killed an ogre
  1523 | D:3      | Reached skill level 6 in Axes
  1523 | D:3      | Reached XP level 4. HP: 40/40 MP: 1/3
  1523 | D:3      | Reached XP level 5. HP: 46/46 MP: 1/4
  1563 | D:3      | Noticed motoroller71's ghost (amateur HuFi)
  1643 | D:3      | Killed motoroller71's ghost
  1643 | D:3      | Reached skill level 8 in Axes
  1643 | D:3      | Reached XP level 6. HP: 49/52 MP: 5/5
  2180 | D:3      | Found an ornate altar of the Wu Jian Council.
  2182 | D:3      | Found an ornate altar of the Wu Jian Council.
  2182 | D:3      | Found an ornate altar of the Wu Jian Council.
  2184 | D:3      | Found an ornate altar of the Wu Jian Council.
  2184 | D:3      | Found a shadowy altar of Dithmenos.
  2184 | D:3      | Found a shimmering altar of Xom.
  2358 | D:4      | Reached skill level 9 in Axes
  2399 | D:4      | Got an ancient chain mail
  2402 | D:4      | Reached *** piety under Trog
  2413 | D:4      | Identified the +12 chain mail "Gachiavy" {Int+7} (You found it on level 4 of the Dungeon)
  2614 | D:4      | Noticed a hungry ghost
  2622 | D:4      | Killed a hungry ghost
  2622 | D:4      | Reached XP level 7. HP: 58/58 MP: 6/6
  2637 | D:4      | Reached skill level 10 in Axes
  2873 | D:5      | Entered Level 5 of the Dungeon
  3015 | D:5      | Found a sparkling altar of Nemelex Xobeh.
  3302 | D:5      | Reached skill level 11 in Axes
  3417 | D:5      | Found a basalt altar of Yredelemnul.
  3446 | D:5      | Reached XP level 8. HP: 66/66 MP: 7/7
  3503 | D:5      | Noticed Pikel
  3526 | D:5      | Killed Pikel
  3526 | D:5      | Reached skill level 12 in Axes
  3560 | D:5      | Found a glowing drain.
  3565 | Sewer    | Entered a sewer
  3592 | Sewer    | Reached skill level 13 in Axes
  3612 | Sewer    | Reached **** piety under Trog
  4130 | D:5      | Reached XP level 9. HP: 71/71 MP: 8/8
  4471 | D:6      | Found Ohyneut's Distillery.
  4479 | D:6      | Bought a potion of heal wounds for 70 gold pieces
  4479 | D:6      | Bought a potion of heal wounds for 70 gold pieces
  4519 | D:6      | Reached skill level 14 in Axes
  4902 | D:6      | Found a staircase to the Ecumenical Temple.
  4989 | D:6      | Found Odeane's Weapon Boutique.
  5050 | D:7      | Reached skill level 15 in Axes
  5225 | D:7      | Found a runed door.
  5393 | D:7      | Reached ***** piety under Trog
  5464 | D:7      | Reached skill level 16 in Axes
  5657 | D:7      | Found a sand-covered staircase.
  5662 | Ossuary  | Entered an ossuary
  5694 | Ossuary  | Reached XP level 10. HP: 78/78 MP: 9/9
  5998 | D:7      | Noticed Crazy Yiuf
  6002 | D:7      | Killed Crazy Yiuf
  6184 | D:8      | Reached skill level 17 in Axes
  6279 | D:8      | Paralysed by a hornet for 1 turns
  6638 | D:8      | Found a staircase to the Lair.
  6813 | D:9      | Noticed a two-headed ogre
  6817 | D:9      | Killed a two-headed ogre
  6919 | D:9      | Reached skill level 18 in Axes
  6947 | D:9      | Noticed a two-headed ogre
  6960 | D:9      | Killed a two-headed ogre
  7163 | D:9      | Found a staircase to the Orcish Mines.
  7192 | D:9      | Received a gift from Trog
  7235 | D:9      | Reached XP level 11. HP: 63/83 MP: 3/10
  7696 | D:10     | Entered Level 10 of the Dungeon
  7976 | D:10     | Reached skill level 19 in Axes
  8070 | D:10     | Found Osaps's Armour Shop.
  8079 | D:10     | Bought a +2 pair of boots of flying for 344 gold pieces
  8380 | D:11     | Noticed a red ugly thing
  8395 | D:11     | Killed a red ugly thing
  8431 | D:11     | Noticed a two-headed ogre
  8437 | D:11     | Killed a two-headed ogre
  8685 | D:11     | Noticed a green ugly thing
  8692 | D:11     | Killed a green ugly thing
  8755 | D:11     | Reached skill level 20 in Axes
  8997 | D:11     | Killed an unseen horror
  8998 | D:11     | Killed an unseen horror
  9269 | D:11     | Noticed Nergalle
  9274 | D:11     | Noticed a spectral orc warlord
  9277 | D:11     | Killed Nergalle
  9577 | D:12     | Found a glowing silver altar of Zin.
  9652 | D:12     | Noticed a two-headed ogre
  9657 | D:12     | Reached skill level 21 in Axes
  9660 | D:12     | Killed a two-headed ogre
  9660 | D:12     | Reached XP level 12. HP: 87/91 MP: 3/11
  9754 | D:12     | Received a gift from Trog
 10735 | D:13     | Noticed a centaur warrior
 10747 | D:13     | Killed a centaur warrior
 10893 | D:13     | Reached skill level 22 in Axes
 11015 | D:13     | Noticed Snorg
 11028 | D:13     | Killed Snorg
 11224 | D:13     | Found a frozen archway.
 11235 | D:13     | Received a gift from Trog
 11249 | IceCv    | Entered an ice cave
 11368 | IceCv    | Reached ****** piety under Trog
 11443 | IceCv    | Reached skill level 23 in Axes
 11653 | IceCv    | Found an ancient bone altar of Kikubaaqudgha.
 12021 | IceCv    | Reached XP level 13. HP: 96/96 MP: 4/12
 12027 | IceCv    | Received a gift from Trog
 12526 | D:14     | Noticed Peterchen's ghost (journeyman MiBe)
 12586 | D:14     | Killed Peterchen's ghost
 13056 | D:14     | Found Xeredat's Jewellery Emporium.
 13167 | D:14     | Reached skill level 24 in Axes
 13191 | D:14     | Noticed Urug
 13199 | D:14     | Killed Urug
 13749 | D:14     | Paralysed by an orc sorcerer for 7 turns
 13756 | D:14     | Killed from afar by an orc sorcerer

Vault maps used:
D:1:      tarquinn_simple_flora_water_b, minmay_close_crescents
D:2:      overflow_temple_1_default, minmay_strange_pillars
D:3:      doesnt_xom_only_xom
D:4:      first_ration
D:5:      lemuel_round_altar, yredelemnul_forgotten_temple_becter,
          portal_sewer_entry_e, uniq_pikel
D:6:      minmay_temple_entry_butterflies, serial_shops, shop_statue, shop
D:7:      nicolae_ossuary_entry_monument, grunt_ogre_cave,
          uniq_crazy_yiuf_cottage
D:8:      grunt_lair_entry_orc_guard_hut, nicolae_underground_beach
D:9:      david_orc_1_choice
D:10:     serial_shops, shop
D:11:     st_stairs_8, uniq_nergalle
D:12:     basic_altar
D:13:     portal_ice_cave_entry_ice_beasts, uniq_snorg
D:14:     grunt_vaults_entry_fortified, serial_shops, nicolae_shop_trees,
          nrook_mini_backslash, kennysheep_inner_square, uniq_urug
Sewer:    sewer_co_tree
Ossuary:  ossuary_minmay_four_chambers
IceCv:    ice_cave_small_necro

Skill      XL: |  1  2  3  4  5  6  7  8  9 10 11 12 13 |
---------------+----------------------------------------+-----
Axes           | 4 5 6 8 9 11 13 16 18 21 23 24 | 24.3
Fighting       | |  3.6
Armour         | |  2.5
Dodging        | |  2.2

Action                   |  1- 3 |  4- 6 |  7- 9 | 10-12 | 13-15 || total
-------------------------+-------+-------+-------+-------+-------++-------
Melee: Hand axe          |    80 |    70 |   436 |   191 |       ||   777
       Headbutt          |     9 |    12 |    80 |   117 |    25 ||   243
       Executioner's axe |       |       |       |   356 |   108 ||   464
Invok: Berserk           |     1 |     3 |     2 |    14 |     4 ||    24
       Brothers in Arms  |       |       |       |     1 |       ||     1
       Trog's Hand       |       |       |       |     1 |     1 ||     2
  Use: Scroll            |       |     5 |       |     9 |       ||    14
  Eat: Chunk             |     2 |     6 |    15 |    31 |     9 ||    63
       Ration            |       |       |       |     1 |       ||     1
Armor: Animal skin       |    10 |     6 |       |       |       ||    16
       Chain mail        |       |     3 |   180 |   449 |    77 ||   709
Dodge: Dodged            |    50 |    38 |   133 |   256 |    37 ||   514
Block: Shield            |       |       |       |    11 |       ||    11

Table legend:
 A = Spawn XP
 B = Non-spawn XP
 C = Spawn XP percentage of total XP
 D = Spawn monster count
 E = Non-spawn monster count
 F = Spawn count percentage of total count
 G = Total turns spent on level
                    A         B        C        D         E        F      G
               +---------+---------+-------+---------+---------+-------+---------
         Total |       0 |   51266 |   0.0 |       0 |     454 |   0.0 | 13756
               +---------+---------+-------+---------+---------+-------+---------
           D:1 |       0 |      40 |   0.0 |       0 |      20 |   0.0 |   970
           D:2 |       0 |      40 |   0.0 |       0 |      18 |   0.0 |   535
           D:3 |       0 |     485 |   0.0 |       0 |      22 |   0.0 |   837
           D:4 |       0 |     495 |   0.0 |       0 |      14 |   0.0 |   531
           D:5 |       0 |    1237 |   0.0 |       0 |      21 |   0.0 |   954
           D:6 |       0 |    1021 |   0.0 |       0 |      25 |   0.0 |   677
           D:7 |       0 |    1533 |   0.0 |       0 |      29 |   0.0 |   870
           D:8 |       0 |    1519 |   0.0 |       0 |      22 |   0.0 |   728
           D:9 |       0 |    3942 |   0.0 |       0 |      32 |   0.0 |   914
          D:10 |       0 |     788 |   0.0 |       0 |      11 |   0.0 |   684
          D:11 |       0 |    8278 |   0.0 |       0 |      44 |   0.0 |  1146
          D:12 |       0 |    5063 |   0.0 |       0 |      27 |   0.0 |  1213
          D:13 |       0 |    6601 |   0.0 |       0 |      42 |   0.0 |   812
          D:14 |       0 |   12344 |   0.0 |       0 |      30 |   0.0 |  1285
         Sewer |       0 |     510 |   0.0 |       0 |      28 |   0.0 |   532
       Ossuary |       0 |     806 |   0.0 |       0 |      15 |   0.0 |   148
         IceCv |       0 |    6564 |   0.0 |       0 |      54 |   0.0 |   920
               +---------+---------+-------+---------+---------+-------+---------
